[Event "Titled Tuesday Blitz October 31 Early 2023"]
[White "StiffMaster1"]
[Black "Morrison, Graham"]
[BlackFideId "2400090"]
[WhiteElo "2566"]
[BlackElo "2318"]
[Result "1-0"]
[Round "3"]
[TimeControl "180+1"]
[Date "2023.10.31"]
[WhiteClock "0:00:03"]
[BlackClock "0:00:00"]
[Board "122"]

1. e4 c6 2. d4 d5 3. Nd2 dxe4 4. Nxe4 Nf6 5. Nxf6+ exf6 6. c3 Bd6 7. Bd3 O-O 8. Qc2 Re8+ 9. Ne2 h5 10. Be3 Nd7 11. O-O-O Nf8 12. Nf4 h4 13. g3 Bg4 14. Rde1 Ne6 15. Nxe6 Bxe6 16. gxh4 Qa5 17. a3 Qh5 18. Rhg1 Qxh4 19. Bf5 Rad8 20. Bxe6 Rxe6 21. Qf5 Rde8 22. Rg4 Qh7 23. Qf3 f5 24. Rgg1 f4 25. Bd2 Rxe1+ 26. Bxe1 Qe4 27. Qg4 Bf8 28. Bd2 f3 29. Be3 Qxg4 30. Rxg4 Re6 31. Rf4 Bd6 32. Rxf3 Bxh2 33. Kd2 Kf8 34. Kd3 Ke7 35. c4 Bd6 36. Rh3 Kd7 37. d5 cxd5 38. cxd5 Rg6 39. Bxa7 Rg4 40. Be3 Be5 41. b4 Kd6 42. Rh8 Kxd5 43. Rf8 Ke6 44. Rc8 Bd6 45. Ra8 f5 46. Ra7 b5 47. Rb7 f4 48. Bd4 Rg5 49. Bxg7 Rd5+ 50. Ke4 Rd1 51. Rxb5 Ra1 52. Ra5 Ra2 53. Kf3 Kd7 54. Bd4 Kc6 55. Ra6+ Kd7 56. Bc5 Bxc5 57. bxc5 Rc2 58. Ra5 Kc6 59. a4 Kc7 60. Ra6 1-0


[Site "https://www.chess.com"]

[Event "Titled Tuesday Blitz October 31 Early 2023"]
[White "borocotoajua"]
[Black "Evdokimov, Alexey"]
[BlackFideId "24162450"]
[WhiteElo "2565"]
[BlackElo "2317"]
[Result "1-0"]
[Round "3"]
[TimeControl "180+1"]
[Date "2023.10.31"]
[WhiteClock "0:00:52"]
[BlackClock "0:00:45"]
[Board "123"]

1. d4 Nf6 2. Nf3 g6 3. c4 Bg7 4. g3 O-O 5. Bg2 d6 6. O-O c5 7. Nc3 Nc6 8. d5 Na5 9. Nd2 a6 10. Rb1 Bd7 11. b3 b5 12. Bb2 Rb8 13. Qc2 e5 14. dxe6 Bxe6 15. cxb5 axb5 16. Nce4 Nc6 17. Nxf6+ Bxf6 18. Bxf6 Qxf6 19. Bxc6 d5 20. a4 b4 21. e4 d4 22. Bd5 Bh3 23. Rfe1 Rfe8 24. f4 Rbc8 25. Nc4 h5 26. Ne5 Re7 27. a5 h4 28. Ra1 Kg7 29. a6 hxg3 30. hxg3 g5 31. Qf2 gxf4 32. gxf4 Rh8 33. Qg3+ Kf8 34. a7 Rxa7 35. Rxa7 Be6 36. Ra8+ 1-0


[Site "https://www.chess.com"]

[Event "Titled Tuesday Blitz October 31 Early 2023"]
[White "Antonio, Jorge Carlos"]
[Black "LeoLV10"]
[WhiteFideId "113190"]
[WhiteElo "2315"]
[BlackElo "2564"]
[Result "0-1"]
[Round "3"]
[TimeControl "180+1"]
[Date "2023.10.31"]
[WhiteClock "0:00:00"]
[BlackClock "0:00:03"]
[Board "124"]

1. d4 Nf6 2. Nf3 e6 3. Bf4 d5 4. e3 Bd6 5. Bxd6 Qxd6 6. c4 c5 7. Nc3 Nbd7 8. cxd5 exd5 9. Bb5 O-O 10. Bxd7 Bxd7 11. O-O b6 12. Rc1 Bg4 13. h3 Bxf3 14. Qxf3 Rad8 15. Rfd1 Qe6 16. dxc5 bxc5 17. Ne2 Ne4 18. Nf4 Qe5 19. b3 Rfe8 20. Nd3 Qe7 21. Nf4 Qb7 22. Qg4 Rd6 23. h4 d4 24. f3 Nf6 25. Qg5 Nd5 26. e4 h6 27. Qg4 Ne3 28. Qg3 Nxd1 29. Rxd1 Rf6 30. Nd5 Rg6 31. Qf2 h5 32. Qd2 Qd7 33. Qd3 Qd8 34. Rc1 Qxh4 35. Rxc5 Qg3 36. Qd2 h4 37. f4 h3 38. f5 Qxg2+ 39. Qxg2 Rxg2+ 40. Kf1 Rxe4 41. f6 Re5 42. Ne7+ Kh7 43. Rxe5 gxf6 44. Rd5 Rg4 45. Nf5 h2 46. Ng3 Rxg3 0-1


[Site "https://www.chess.com"]

[Event "Titled Tuesday Blitz October 31 Early 2023"]
[White "alfianasybullina"]
[Black "Wartiovaara, Oliver"]
[BlackFideId "513024"]
[WhiteElo "2285"]
[BlackElo "2561"]
[Result "1/2-1/2"]
[Round "3"]
[TimeControl "180+1"]
[Date "2023.10.31"]
[WhiteClock "0:00:17"]
[BlackClock "0:00:26"]
[Board "125"]

1. d4 c5 2. d5 e5 3. e4 d6 4. h3 Be7 5. Nf3 Nd7 6. Nc3 Nf8 7. Bb5+ Bd7 8. Bxd7+ Qxd7 9. a4 Ng6 10. g3 Nf6 11. Be3 O-O 12. Qd3 a6 13. a5 Nh5 14. Na4 Bd8 15. Bd2 f5 16. Nb6 Bxb6 17. axb6 fxe4 18. Qxe4 Nf6 19. Qc4 Qf7 20. O-O-O Qxd5 21. Qxd5+ Nxd5 22. Ng5 Nxb6 23. Be3 Nc4 24. b3 Nxe3 25. fxe3 Rfd8 26. Ne6 Rd7 27. Nxc5 Rc7 28. Ne4 Rac8 29. Rh2 Rf8 30. Rxd6 Rf3 31. Re2 Nf8 32. Rd8 h6 33. Rf2 Rxf2 34. Nxf2 Kf7 35. Ne4 Ne6 36. Rd2 Ke7 37. Kb2 Rd7 38. Rxd7+ Kxd7 39. c4 Kc6 40. Kc3 Nc5 41. Nxc5 Kxc5 42. b4+ Kd6 43. e4 b6 44. Kb3 Kc6 45. Ka4 Kb7 46. Kb3 a5 47. Ka4 Ka6 48. bxa5 bxa5 49. c5 g6 50. h4 h5 51. c6 Kb6 52. c7 Kxc7 53. Kxa5 Kc6 54. Kb4 Kb6 55. Kc4 Kc6 56. Kb4 Kb6 57. Kc4 Kc6 58. Kb4 1/2-1/2


[Site "https://www.chess.com"]

[Event "Titled Tuesday Blitz October 31 Early 2023"]
[White "Jeet, Jain"]
[Black "hsd2016"]
[WhiteFideId "5073022"]
[WhiteElo "2559"]
[BlackElo "2273"]
[Result "1-0"]
[Round "3"]
[TimeControl "180+1"]
[Date "2023.10.31"]
[WhiteClock "0:00:22"]
[BlackClock "0:00:19"]
[Board "126"]

1. Nf3 Nf6 2. g3 g6 3. Bg2 Bg7 4. O-O O-O 5. c4 c5 6. Nc3 Nc6 7. d4 cxd4 8. Nxd4 Nxd4 9. Qxd4 d6 10. e4 Be6 11. Qd3 Rc8 12. b3 Nd7 13. Be3 b6 14. Rac1 Ne5 15. Qd2 Bh3 16. f4 Bxg2 17. Kxg2 Ng4 18. Bd4 e5 19. Bg1 Bh6 20. h3 exf4 21. gxf4 Nf6 22. Rcd1 Nh5 23. Bh2 Qh4 24. Qf2 Qe7 25. Nd5 Qxe4+ 26. Qf3 Qxf3+ 27. Rxf3 Rfe8 28. Nc3 Bg7 29. Nb5 Re2+ 30. Rf2 Rce8 31. Nxd6 Rxf2+ 32. Kxf2 Rd8 33. Ke2 Bh6 34. f5 Bf4 35. Bxf4 Nxf4+ 36. Ke1 Nxh3 37. b4 g5 38. c5 bxc5 39. bxc5 g4 40. c6 g3 41. c7 Rf8 42. Kf1 Nf2 43. Rd4 h5 44. Nxf7 Kxf7 45. Rd8 h4 46. Rxf8+ Kxf8 47. c8=Q+ Kf7 48. Qe6+ Kf8 49. f6 h3 50. Qe7+ Kg8 51. Qg7# 1-0


[Site "https://www.chess.com"]

[Event "Titled Tuesday Blitz October 31 Early 2023"]
[White "Mora Moron, Jose Ramon"]
[Black "chess123456s"]
[WhiteFideId "3902994"]
[WhiteElo "2266"]
[BlackElo "2549"]
[Result "0-1"]
[Round "3"]
[TimeControl "180+1"]
[Date "2023.10.31"]
[WhiteClock "0:00:50"]
[BlackClock "0:01:05"]
[Board "127"]

1. e4 e5 2. Nf3 Nc6 3. Bc4 Nf6 4. d3 Bc5 5. c3 d6 6. Bb3 a5 7. Nbd2 O-O 8. h3 Be6 9. Bc2 d5 10. Qe2 Re8 11. Nf1 b5 12. a3 a4 13. Ng3 d4 14. O-O h6 15. Nh4 Bf8 16. Nhf5 Ne7 17. cxd4 exd4 18. Nxe7+ Qxe7 19. Bd2 c5 20. f4 Bb3 21. Bxb3 axb3 22. Qf2 Qd7 23. e5 Nd5 24. Ne4 Rad8 25. Kh1 Ne3 26. Rfc1 Nc2 27. Rab1 c4 28. Nd6 Bxd6 29. exd6 Qxd6 30. f5 cxd3 31. Bf4 Qd5 32. f6 g5 33. Bc7 Rc8 34. Ba5 Re2 35. Qg3 Rce8 36. Qxd3 Qxg2# 0-1


[Site "https://www.chess.com"]

[Event "Titled Tuesday Blitz October 31 Early 2023"]
[White "NovoselovRoman"]
[Black "Witty_Alien"]
[WhiteElo "2546"]
[BlackElo "2232"]
[Result "1-0"]
[Round "3"]
[TimeControl "180+1"]
[Date "2023.10.31"]
[WhiteClock "0:00:20"]
[BlackClock "0:00:02"]
[Board "128"]

1. d4 e5 2. dxe5 d6 3. Nf3 Nc6 4. e4 Bg4 5. exd6 Bxd6 6. Be3 Nf6 7. Nbd2 Qd7 8. Bb5 O-O-O 9. e5 Bxf3 10. Nxf3 Bb4+ 11. c3 Qg4 12. Qe2 Nxe5 13. Nxe5 Qxg2 14. Qf3 Qxf3 15. Nxf3 Ba5 16. O-O h5 17. Rad1 h4 18. h3 a6 19. Bc4 c6 20. Bxf7 Rdf8 21. Be6+ Kb8 22. Ne5 Re8 23. Nd7+ Ka8 24. Nxf6 Rxe6 25. Ng4 Bc7 26. Rd7 Kb8 27. Rfd1 Rg6 28. Rf7 Rd8 29. Rxd8+ Bxd8 30. Kf1 a5 31. Ne5 Re6 32. Nd7+ Kc8 33. Nc5 Re5 34. Nxb7 Rd5 35. Nc5 Bb6 36. Ne4 Bxe3 37. fxe3 Re5 38. Rf4 g5 39. Rg4 Rf5+ 40. Ke2 Rb5 41. b3 Kc7 42. Rxg5 Rb8 43. Rg7+ Kb6 44. c4 a4 45. bxa4 Ka5 46. Rg5+ Kxa4 47. Rc5 Rb6 48. Rh5 Ka3 49. Rxh4 Kxa2 50. Rg4 Rb4 51. Nd2 Kb2 52. Kd3 Kc1 53. Rg1+ Kb2 54. h4 Ra4 55. Rb1+ Ka2 56. Rh1 Ra3+ 57. Kd4 c5+ 58. Kxc5 Rd3 59. Ne4 Rd8 60. h5 Rc8+ 61. Kd5 Kb3 62. h6 Ka2 63. h7 Rh8 64. Rh2+ Ka1 65. Kd4 Rd8+ 66. Kc3 Rh8 67. Nc5 Rb8 68. Nb3+ Rxb3+ 69. Kxb3 Kb1 70. Rh1# 1-0


[Site "https://www.chess.com"]

[Event "Titled Tuesday Blitz October 31 Early 2023"]
[White "Rodriguez Dominguez, Melissa"]
[Black "Rama, Tejas"]
[WhiteFideId "3517560"]
[BlackFideId "30907381"]
[WhiteElo "2207"]
[BlackElo "2543"]
[Result "0-1"]
[Round "3"]
[TimeControl "180+1"]
[Date "2023.10.31"]
[WhiteClock "0:00:00"]
[BlackClock "0:00:20"]
[Board "129"]

1. e4 c5 2. Nf3 d6 3. d4 cxd4 4. Nxd4 Nf6 5. Nc3 Nc6 6. Bg5 e6 7. Qd2 a6 8. h4 Bd7 9. O-O-O Qc7 10. Bxf6 gxf6 11. f4 Be7 12. g4 Nxd4 13. Qxd4 Qc5 14. g5 Qxd4 15. Rxd4 O-O-O 16. Bh3 fxg5 17. hxg5 e5 18. Rc4+ Kb8 19. Nd5 Bxh3 20. Rxh3 Rde8 21. Rc7 Bd8 22. Rxf7 exf4 23. Rhxh7 Rxh7 24. Rxh7 Bxg5 25. Rh5 Rg8 26. Kd1 f3 27. Ke1 Bc1 28. b3 Rg4 29. Kf2 Rxe4 30. Kxf3 Re5 31. Rh8+ Ka7 32. c4 Rf5+ 33. Ke4 Rf2 34. a4 Rb2 35. a5 Bd2 36. Rd8 Bxa5 37. Rxd6 Rxb3 38. Kd4 Rb1 39. Rd7 Rd1+ 40. Ke4 Re1+ 41. Kd3 Rd1+ 42. Kc2 Rd4 43. Kb3 Kb8 44. Rh7 Rd3+ 45. Kc2 Rd2+ 46. Kb3 b5 47. Rh8+ Kb7 48. cxb5 Rxd5 49. bxa6+ Kxa6 50. Rh6+ Kb5 51. Rh8 Rd3+ 52. Kb2 Bb4 53. Rb8+ Kc4 54. Rc8+ Bc5 55. Rc7 Rd2+ 56. Kc1 Rh2 57. Rc8 Kb4 58. Rb8+ Kc3 59. Kb1 Bd4 60. Rc8+ Kd3 61. Rd8 Rh1+ 62. Ka2 Ra1+ 63. Kb3 Rb1+ 64. Ka4 Kc4 65. Rc8+ Bc5 0-1


[Site "https://www.chess.com"]

[Event "Titled Tuesday Blitz October 31 Early 2023"]
[White "Mishra, Manoj"]
[Black "Brown, Andrew"]
[WhiteFideId "5006007"]
[BlackFideId "3206513"]
[WhiteElo "2184"]
[BlackElo "2540"]
[Result "0-1"]
[Round "3"]
[TimeControl "180+1"]
[Date "2023.10.31"]
[WhiteClock "0:00:23"]
[BlackClock "0:00:44"]
[Board "131"]

1. d4 c6 2. c4 d5 3. Nc3 Nf6 4. Bf4 e6 5. c5 b6 6. b4 a5 7. a3 Ba6 8. b5 Bxb5 9. Nxb5 cxb5 10. e3 bxc5 11. Bxb5+ Nbd7 12. Nf3 Be7 13. dxc5 Bxc5 14. Qc2 O-O 15. Bxd7 Nxd7 16. Ng5 g6 17. h4 Qf6 18. Rb1 Rfc8 19. Qd3 e5 20. h5 exf4 21. hxg6 hxg6 22. Qxd5 fxe3 23. Nxf7 Qxf2+ 24. Kd1 e2+ 0-1


[Site "https://www.chess.com"]

[Event "Titled Tuesday Blitz October 31 Early 2023"]
[White "Richter, Paul"]
[Black "MIM06"]
[WhiteFideId "2046350"]
[WhiteElo "2540"]
[BlackElo "2183"]
[Result "1-0"]
[Round "3"]
[TimeControl "180+1"]
[Date "2023.10.31"]
[WhiteClock "0:00:08"]
[BlackClock "0:00:42"]
[Board "132"]

1. e4 c6 2. Nc3 d5 3. Nf3 dxe4 4. Nxe4 Nf6 5. Qe2 Nxe4 6. Qxe4 Nd7 7. Bc4 Nf6 8. Ne5 e6 9. Qe2 b5 10. Bb3 Bd6 11. d4 Bb7 12. O-O O-O 13. Re1 a5 14. c3 a4 15. Bc2 h6 16. Qf3 Rc8 17. a3 Qc7 18. Bxh6 c5 19. Qg3 Nh5 20. Qg4 cxd4 21. Qxh5 Bxe5 22. Rxe5 gxh6 23. Qxh6 f6 24. Rxb5 Bc6 25. Rh5 Qg7 26. Qxg7+ Kxg7 27. cxd4 Bxg2 28. Bxa4 Bf3 29. Rh3 Bd5 30. Rg3+ Kf7 31. Rd1 Rg8 32. Kf1 Rxg3 33. fxg3 Rh8 34. h4 Rg8 35. Kf2 Ra8 36. Bc2 Rb8 37. b4 Rc8 38. Bd3 Rc3 39. a4 Rb3 40. b5 Ra3 41. b6 Rxa4 42. Rb1 Ra8 43. Ke3 e5 44. dxe5 fxe5 45. Rb4 Rb8 46. Be4 Ke6 47. Bxd5+ Kxd5 48. h5 Kc5 49. Rb1 Rxb6 50. Rxb6 Kxb6 51. h6 Kc5 52. h7 Kd5 53. h8=Q Kc5 54. Qxe5+ 1-0


[Site "https://www.chess.com"]

[Event "Titled Tuesday Blitz October 31 Early 2023"]
[White "knightinshiningarmour16"]
[Black "Titichoca Daza, Daniel"]
[BlackFideId "3309550"]
[WhiteElo "2181"]
[BlackElo "2538"]
[Result "0-1"]
[Round "3"]
[TimeControl "180+1"]
[Date "2023.10.31"]
[WhiteClock "0:00:27"]
[BlackClock "0:01:14"]
[Board "133"]

1. d4 g6 2. c4 d6 3. Nc3 Bg7 4. e4 Nf6 5. f3 O-O 6. Be3 e5 7. Nge2 Re8 8. Qd2 exd4 9. Nxd4 c6 10. O-O-O d5 11. cxd5 cxd5 12. Nxd5 Nxd5 13. exd5 Qxd5 14. Kb1 Nc6 15. Nxc6 Qxc6 16. Bh6 Bf5+ 17. Ka1 Bh8 18. Rc1 Qb6 19. Bg5 a5 20. Bc4 a4 21. a3 Rac8 22. g4 Be6 23. Bxe6 Qxe6 24. Rxc8 Rxc8 25. Rc1 Re8 26. Qb4 Qe2 27. Qxa4 Qxb2# 0-1


[Site "https://www.chess.com"]

[Event "Titled Tuesday Blitz October 31 Early 2023"]
[White "Toropov, Pavel"]
[Black "Tarnowska, Aleksandra"]
[WhiteFideId "24129178"]
[BlackFideId "1180967"]
[WhiteElo "2538"]
[BlackElo "2158"]
[Result "1-0"]
[Round "3"]
[TimeControl "180+1"]
[Date "2023.10.31"]
[WhiteClock "0:00:15"]
[BlackClock "0:00:03"]
[Board "134"]

1. e4 c5 2. Nf3 e6 3. d4 cxd4 4. Nxd4 a6 5. Nc3 Qc7 6. Qf3 d6 7. Qg3 Nc6 8. Be3 b5 9. O-O-O Bb7 10. Bxb5 axb5 11. Ndxb5 Qa5 12. Nxd6+ Bxd6 13. Rxd6 Qe5 14. Bf4 Qf6 15. Rhd1 Nge7 16. Bg5 Qg6 17. Rd7 Ba6 18. h4 O-O 19. Bxe7 Nxe7 20. Rxe7 Qf6 21. Red7 Bc4 22. a3 Rab8 23. f3 Qh6+ 24. Qg5 Qxg5+ 25. hxg5 h6 26. gxh6 gxh6 27. b3 Ba6 28. R7d6 Bb7 29. Kb2 Kg7 30. Rb6 Kg6 31. Rd7 Ba8 32. Rxb8 Rxb8 33. a4 Bc6 34. Rc7 Be8 35. a5 Ra8 36. a6 Rxa6 37. b4 Rb6 38. Kb3 f5 39. exf5+ Kxf5 40. Ne4 Kf4 41. c4 e5 42. c5 Rb8 43. Rh7 Ke3 44. Rxh6 Bf7+ 45. Kc3 Ra8 46. b5 Ra3+ 47. Kb4 Rb3+ 48. Ka5 Be8 49. c6 Ra3+ 50. Kb6 Kd4 51. Rd6+ Kc4 52. Re6 Bf7 53. Rxe5 Rb3 54. Nd6+ Kd4 55. Re4+ Kd5 56. Nxf7 Rc3 57. Re5+ Kd4 58. c7 Rc4 59. Kb7 Rc1 60. b6 Kd3 61. c8=Q Rxc8 62. Kxc8 Kd4 63. b7 Kd3 64. b8=Q Kd4 65. Qd6+ 1-0


[Site "https://www.chess.com"]

[Event "Titled Tuesday Blitz October 31 Early 2023"]
[White "Semenova, Alina"]
[Black "ChessRespected"]
[WhiteFideId "24113875"]
[WhiteElo "2147"]
[BlackElo "2536"]
[Result "1-0"]
[Round "3"]
[TimeControl "180+1"]
[Date "2023.10.31"]
[WhiteClock "0:02:09"]
[BlackClock "0:00:00"]
[Board "135"]

1. e4 e5 2. Nf3 Nc6 3. d4 exd4 4. Nxd4 Nf6 5. Nxc6 bxc6 6. e5 Qe7 7. Qe2 Nd5 8. c4 Ba6 9. b3 g6 10. Bb2 Bg7 11. g3 O-O 12. Bg2 Rae8 13. O-O Bxe5 14. Qxe5 Qxe5 15. Bxe5 Rxe5 16. f4 Re3 17. cxd5 Bxf1 18. Kxf1 cxd5 19. Bxd5 Rfe8 20. Nd2 Rd3 21. Ne4 Kg7 22. Bc4 Rd4 23. Nf2 d5 24. Bb5 Rd2 25. Bxe8 Rxa2 26. Rxa2 c6 27. Bxc6 1-0


[Site "https://www.chess.com"]

[Event "Titled Tuesday Blitz October 31 Early 2023"]
[White "Souza, Gustavo Horokoski De"]
[Black "El_Matador12"]
[WhiteFideId "2146584"]
[WhiteElo "2140"]
[BlackElo "2529"]
[Result "1/2-1/2"]
[Round "3"]
[TimeControl "180+1"]
[Date "2023.10.31"]
[WhiteClock "0:00:05"]
[BlackClock "0:00:08"]
[Board "136"]

1. c4 c6 2. e4 d5 3. exd5 cxd5 4. d4 Nf6 5. Nc3 g6 6. Nf3 Bg7 7. Bf4 O-O 8. h3 Nc6 9. Rc1 Bf5 10. Be2 dxc4 11. Bxc4 Rc8 12. O-O Ne4 13. Bd3 Nxc3 14. bxc3 Bxd3 15. Qxd3 e5 16. Bg5 Qd6 17. Rfd1 exd4 18. Nxd4 Nxd4 19. cxd4 Rxc1 20. Rxc1 Qxd4 21. Qxd4 Bxd4 22. Rc7 b5 23. Rb7 Bb6 24. Bf4 Rd8 25. g4 h5 26. Kg2 hxg4 27. hxg4 Rd5 28. Bb8 Rd2 29. Bxa7 Rxf2+ 30. Kg3 Bxa7 31. Rxa7 Rb2 32. a4 Rb3+ 33. Kh4 b4 34. a5 Kg7 35. a6 Ra3 36. Rb7 Rxa6 37. Rxb4 Ra3 38. g5 Rf3 39. Kg4 Rf5 40. Rc4 Re5 41. Ra4 Kf8 42. Rd4 Ke7 43. Ra4 Rd5 44. Ra7+ Ke6 45. Ra4 Ke5 46. Ra7 Rd4+ 47. Kg3 Ke6 48. Ra5 Rd5 49. Ra6+ Rd6 50. Ra5 Rd4 51. Ra6+ Ke5 52. Rf6 Rd7 53. Ra6 Re7 54. Rf6 Ra7 55. Rf3 Ke6 56. Rf6+ Ke7 57. Rf3 Ra5 58. Kg4 Ke6 59. Re3+ Re5 60. Rf3 Re4+ 61. Kg3 Rd4 62. Rf6+ Ke7 63. Rf3 Rc4 64. Rf6 Rc5 65. Kg4 Re5 66. Rf3 Re4+ 67. Kg3 Ra4 68. Rf6 Kf8 69. Rf3 Kg7 70. Rf6 Ra5 71. Kg4 Re5 72. Rf4 Re3 73. Rf6 Kf8 74. Rf4 Ke7 75. Rf6 Re6 76. Rf4 Rd6 77. Ra4 Ke6 78. Re4+ Kd5 79. Rf4 Rd7 80. Rf6 Ke5 81. Ra6 Rd4+ 82. Kg3 Kf5 83. Rf6+ Kxg5 84. Rxf7 Rd3+ 85. Kf2 Kg4 86. Kg2 Rd2+ 87. Kh1 Kg3 88. Rf1 Rh2+ 89. Kg1 g5 90. Ra1 Rg2+ 91. Kh1 Rf2 92. Ra3+ Rf3 93. Ra1 g4 94. Kg1 Kh3 95. Kh1 g3 96. Rg1 Rf2 97. Ra1 Re2 98. Kg1 Rg2+ 99. Kh1 Rh2+ 100. Kg1 Rd2 101. Kh1 Rd3 102. Kg1 Rf3 103. Kh1 g2+ 104. Kg1 Kg3 105. Rb1 Re3 106. Rc1 Rf3 107. Rd1 Kh3 108. Rb1 Kg3 109. Ra1 Rf1+ 110. Rxf1 gxf1=Q+ 111. Kxf1 1/2-1/2


[Site "https://www.chess.com"]

[Event "Titled Tuesday Blitz October 31 Early 2023"]
[White "DonCiao"]
[Black "Tologon tegin, Semetei"]
[BlackFideId "13800574"]
[WhiteElo "2138"]
[BlackElo "2529"]
[Result "1/2-1/2"]
[Round "3"]
[TimeControl "180+1"]
[Date "2023.10.31"]
[WhiteClock "0:00:10"]
[BlackClock "0:01:14"]
[Board "137"]

1. c4 Nc6 2. g3 Nf6 3. Bg2 d5 4. cxd5 Nxd5 5. Nc3 Nxc3 6. bxc3 e5 7. Nf3 e4 8. Nd4 Nxd4 9. cxd4 Qxd4 10. Rb1 Bc5 11. e3 Qc4 12. Bb2 O-O 13. Rc1 Qd5 14. Qc2 Bb4 15. O-O Qxd2 16. Qb1 c6 17. Rfd1 Qe2 18. Bxg7 Kxg7 19. Qxb4 f5 20. Qe7+ Kg8 21. Rd8 Rxd8 22. Qxd8+ Kf7 23. Qc7+ Kf6 24. Qd8+ Kf7 25. Qc7+ Ke8 26. Qe5+ Kf7 27. Qc7+ 1/2-1/2


[Site "https://www.chess.com"]

[Event "Titled Tuesday Blitz October 31 Early 2023"]
[White "Yaksin, Oleg"]
[Black "Guevara Sanchez, Erick Marvin"]
[WhiteFideId "24105880"]
[BlackFideId "6700136"]
[WhiteElo "2528"]
[BlackElo "2134"]
[Result "1-0"]
[Round "3"]
[TimeControl "180+1"]
[Date "2023.10.31"]
[WhiteClock "0:00:11"]
[BlackClock "0:00:26"]
[Board "138"]

1. d4 Nf6 2. c4 e6 3. g3 Bb4+ 4. Bd2 c5 5. Bg2 O-O 6. Nf3 Nc6 7. Bxb4 cxb4 8. O-O d5 9. Nbd2 Bd7 10. e3 Ne7 11. Ne5 Ng6 12. f4 Rc8 13. b3 a6 14. h4 Ne7 15. h5 Nf5 16. Qf3 Nd6 17. Qe2 Nf5 18. Qf3 Nd6 19. h6 g6 20. Qf2 Bc6 21. c5 Nde4 22. Nxe4 Nxe4 23. Bxe4 dxe4 24. Qd2 Qd5 25. Qxb4 f6 26. Nc4 Bb5 27. a4 Bxc4 28. bxc4 Qh5 29. Rf2 Qg4 30. Kg2 Rc7 31. Rh1 Rfc8 32. Qb1 f5 33. Rh4 Qxh4 34. gxh4 Kf7 35. Rb2 Rb8 36. Rb6 Re7 37. c6 e5 38. fxe5 f4 39. Qxe4 f3+ 40. Kxf3 g5 41. Rxb7 Rbxb7 42. cxb7 Re8 43. Qf5+ Kg8 44. Qxg5+ Kh8 45. Qg7# 1-0


[Site "https://www.chess.com"]

[Event "Titled Tuesday Blitz October 31 Early 2023"]
[White "Heinemann, Josefine"]
[Black "Samarth J Rao"]
[WhiteFideId "12900460"]
[BlackFideId "46652370"]
[WhiteElo "2527"]
[BlackElo "2099"]
[Result "1-0"]
[Round "3"]
[TimeControl "180+1"]
[Date "2023.10.31"]
[WhiteClock "0:01:06"]
[BlackClock "0:00:00"]
[Board "139"]

1. e4 c6 2. d4 d5 3. e5 Bf5 4. Nf3 Nd7 5. Bd3 Bxd3 6. Qxd3 e6 7. O-O h6 8. a4 Ne7 9. a5 g5 10. b4 Ng6 11. c3 Be7 12. a6 b5 13. Be3 Qb6 14. Nbd2 O-O-O 15. Nb3 Rdg8 16. Qd2 g4 17. Ne1 h5 18. Nd3 h4 19. Ndc5 Nxc5 20. bxc5 Qc7 21. Na5 f6 22. exf6 Bxf6 23. Nb7 Kd7 24. f4 Ne7 25. f5 Nxf5 26. Bf4 Qc8 27. Rae1 Re8 28. Be5 Bxe5 29. Rxe5 Rhg8 30. Qd3 Qc7 31. Rfxf5 exf5 32. Qxf5+ 1-0


[Site "https://www.chess.com"]

[Event "Titled Tuesday Blitz October 31 Early 2023"]
[White "Mirza, Diana"]
[Black "Shubenkova, Veronika"]
[WhiteFideId "2503999"]
[BlackFideId "44124040"]
[WhiteElo "1956"]
[BlackElo "2527"]
[Result "0-1"]
[Round "3"]
[TimeControl "180+1"]
[Date "2023.10.31"]
[WhiteClock "0:01:03"]
[BlackClock "0:01:43"]
[Board "140"]

1. e4 e6 2. d3 d5 3. Nd2 Nf6 4. Ngf3 Be7 5. g3 O-O 6. Bg2 c5 7. O-O Nc6 8. Re1 d4 9. e5 Nd5 10. Ne4 Qc7 11. Neg5 h6 12. Nh3 f5 13. exf6 Bxf6 14. Nf4 Nxf4 15. Bxf4 e5 16. Bd2 Bg4 17. h3 Be6 18. Nh2 Rae8 19. Ng4 Bc8 20. Nxf6+ Rxf6 21. Bd5+ Kh8 22. Qh5 Ref8 23. f4 exf4 24. Bxf4 Qd8 25. Re2 Rf5 26. Qf3 Qxd5 27. Qxd5 Rxd5 28. Rae1 Bd7 29. a3 g5 30. Bc7 Bxh3 31. Re6 Bxe6 0-1


[Site "https://www.chess.com"]

[Event "Titled Tuesday Blitz October 31 Early 2023"]
[White "IsaqueGoncalvesSanto"]
[Black "Demin, Vladimir"]
[BlackFideId "4167457"]
[WhiteElo "1803"]
[BlackElo "2526"]
[Result "0-1"]
[Round "3"]
[TimeControl "180+1"]
[Date "2023.10.31"]
[WhiteClock "0:00:14"]
[BlackClock "0:01:33"]
[Board "141"]

1. d4 Nf6 2. c4 e6 3. Nc3 Bb4 4. e3 O-O 5. Bd3 d6 6. Ne2 e5 7. a3 Bxc3+ 8. bxc3 e4 9. Bb1 c5 10. Ng3 Re8 11. O-O Nc6 12. f3 exf3 13. Qxf3 Na5 14. Nh5 Nxc4 15. Nxf6+ Qxf6 16. Qxf6 gxf6 17. Rxf6 Nxe3 18. Rxd6 Nc4 19. Rf6 Re1+ 20. Kf2 Rxc1 21. Bxh7+ Kg7 22. Rxf7+ Kxf7 23. Rxc1 Be6 24. Be4 Rb8 25. d5 Bd7 26. Rf1 Nd2 27. Rd1 Nxe4+ 28. Ke3 Nxc3 0-1


[Site "https://www.chess.com"]

[Event "Titled Tuesday Blitz October 31 Early 2023"]
[White "Rodriguez, Santiago"]
[Black "Arhan_Anand"]
[WhiteFideId "3000591"]
[WhiteElo "2413"]
[BlackElo "2707"]
[Result "0-1"]
[Round "3"]
[TimeControl "180+1"]
[Date "2023.10.31"]
[WhiteClock "0:01:41"]
[BlackClock "0:02:09"]
[Board "142"]

1. d4 f5 2. e4 fxe4 3. Nc3 Nf6 4. Bg5 e6 5. Nxe4 Be7 6. Bxf6 Bxf6 7. Qh5+ g6 8. Qh6 Qe7 9. O-O-O Bg7 10. Qf4 d6 11. Nf3 Nc6 12. Bb5 Bd7 13. Rhe1 O-O-O 14. d5 exd5 15. Nc3 Qf8 16. Qxf8 Rhxf8 17. Nxd5 Bg4 18. Re3 Bh6 19. Rd3 Bxf3 20. gxf3 Rxf3 21. Kd1 Bxe3 22. fxe3 Ne5 23. Ra3 c6 24. Be2 0-1


[Site "https://www.chess.com"]

[Event "Titled Tuesday Blitz October 31 Early 2023"]
[White "Lee, Jun Hyeok"]
[Black "Fernandez, Michael"]
[WhiteFideId "13202340"]
[BlackFideId "5803560"]
[WhiteElo "2640"]
[BlackElo "2377"]
[Result "1/2-1/2"]
[Round "3"]
[TimeControl "180+1"]
[Date "2023.10.31"]
[WhiteClock "0:00:03"]
[BlackClock "0:00:21"]
[Board "143"]

1. d4 d5 2. c4 c6 3. Nf3 Nf6 4. Nc3 e6 5. e3 Nbd7 6. Be2 Bd6 7. O-O O-O 8. b3 Qe7 9. Bb2 b6 10. Bd3 Bb7 11. Re1 dxc4 12. bxc4 c5 13. d5 exd5 14. Nxd5 Nxd5 15. cxd5 Ne5 16. Nxe5 Bxe5 17. Bxh7+ Kxh7 18. Qh5+ Kg8 19. Bxe5 Rfe8 20. Bb2 Rad8 21. Rad1 Rd6 22. e4 Rg6 23. f3 c4 24. Bd4 Qb4 25. Qh4 c3 26. Qf2 Rc8 27. Rb1 Qa4 28. Rbc1 c2 29. Re2 Qxa2 30. Rexc2 Rxc2 31. Qxc2 Qa3 32. Qc7 Qxf3 33. Qd8+ Kh7 34. Qh4+ Kg8 35. Qd8+ Kh7 36. Qh4+ Kg8 37. Qd8+ 1/2-1/2


[Site "https://www.chess.com"]

[Event "Titled Tuesday Blitz October 31 Early 2023"]
[White "TimGrutter03"]
[Black "Avalos Parra, Joao"]
[BlackFideId "3402541"]
[WhiteElo "2530"]
[BlackElo "2344"]
[Result "1-0"]
[Round "3"]
[TimeControl "180+1"]
[Date "2023.10.31"]
[WhiteClock "0:00:09"]
[BlackClock "0:00:13"]
[Board "144"]

1. d4 d5 2. Nf3 Nf6 3. g3 e6 4. Bg2 b5 5. O-O Bb7 6. a4 b4 7. c4 bxc3 8. Nxc3 Bd6 9. Nb5 Be7 10. Bf4 Na6 11. Ne5 O-O 12. Rc1 Nh5 13. Bd2 c5 14. dxc5 Bxc5 15. Nd3 Bb6 16. Qb3 Rc8 17. Rxc8 Qxc8 18. Nd6 Qc7 19. Nxb7 Rb8 20. g4 Rxb7 21. Qa3 Nf6 22. Rc1 Qd8 23. g5 Ne4 24. Bf4 f6 25. gxf6 gxf6 26. a5 Bd4 27. b4 Rg7 28. Kf1 e5 29. Bg3 Nxg3+ 30. hxg3 h5 31. Qb3 Nc7 32. b5 h4 33. b6 axb6 34. axb6 Ne8 35. Qxd5+ Qxd5 36. Bxd5+ Kh7 37. b7 Ba7 38. Ra1 Bb8 39. Ra8 Nc7 40. Be4+ f5 41. Bxf5+ Kh6 42. Rxb8 hxg3 43. Rh8+ Kg5 44. b8=Q g2+ 45. Kg1 Kxf5 46. Qf8+ Kg6 47. Rh3 Ne6 48. Rg3+ Kh7 49. Rxg7+ Nxg7 50. Qxg7+ Kxg7 51. Nxe5 1-0


[Site "https://www.chess.com"]